 Dungeon Crawl Stone Soup version 0.27.1-4-g1640c2035a (webtiles) character file.

Game seed: 13436020687905465852

161 Nixze the Chopper (level 5, -12/45 HPs)
             Began as a Minotaur Berserker on Nov 18, 2021.
             Was a Believer of Trog.
             Mangled by an ogre (16 damage)
             ... on level 4 of the Dungeon.
             The game lasted 00:04:38 (3075 turns).

Nixze the Chopper (Minotaur Berserker)              Turns: 3075, Time: 00:04:39

Health: -12/45     AC:  9    Str: 23    XL:     5   Next: 19%
Magic:  4/4        EV: 11    Int:  4    God:    Trog [**....]
Gold:   129        SH:  0    Dex:  9    Spells: 4/4 levels left

rFire    . . .     SeeInvis .   e - +5 dagger (venom)
rCold    . . .     Faith    .   (no shield)
rNeg     . . .     Spirit   .   k - +0 ring mail
rPois    .         Reflect  .   (helmet restricted)
rElec    .         Harm     .   (no cloak)
rCorr    .         Rampage  .   (no gloves)
Will     .....                  (no boots)
Stlth    ..........             (no amulet)
HPRegen  0.15/turn              l - +4 ring of protection
MPRegen  0.09/turn              (no ring)

@: no status effects
A: horns 2, retaliatory headbutt
a: Renounce Religion, Berserk, Trog's Hand


You were on level 4 of the Dungeon.
You worshipped Trog.
Trog was pleased with you.
You visited 1 branch of the dungeon, and saw 4 of its levels.

You collected 129 gold pieces.

Inventory:

Hand Weapons
 e - a +5 dagger of venom (weapon)
Missiles
 g - 5 curare-tipped darts (quivered)
 h - 32 poisoned darts
Armour
 k - a +0 ring mail (worn)
Jewellery
 l - a +4 ring of protection (left hand)
 s - a ring of ice
Scrolls
 d - 2 scrolls of identify
 n - a scroll of immolation {unknown}
 p - 2 scrolls of enchant armour {unknown}
 r - a scroll of blinking {unknown}
Potions
 c - a potion of mutation {unknown}
 f - 2 potions of berserk rage
 i - 2 potions of haste {unknown}
 j - a potion of attraction {unknown}
 m - a potion of magic {unknown}
 o - a potion of lignification {unknown}
 q - a potion of curing {unknown}


   Skills:
 - Level 3.6 Fighting
 + Level 7.2 Axes
 - Level 2.4 Armour
 - Level 2.1 Dodging


You had 4 spell levels left.
You didn't know any spells.
Your spell library was empty.

Dungeon Overview and Level Annotations

Branches:
Dungeon (4/15)
 Temple: D:4-7

Altars:
Cheibriados
The Shining One


Innate Abilities, Weirdness & Mutations

You have a pair of horns on your head.
You reflexively headbutt those who attack you in melee.


Message History

Trog accepts your kill.
You feel sick.
You feel sick. The dart slug launches a dart at you. The slug dart misses you.
You feel sick.
You hit the dart slug.
The dart slug is poisoned.
The dart slug is heavily wounded.
You feel sick.
The dart slug bites you but does no damage.
You hit the dart slug.
You kill the dart slug!
Trog accepts your kill.
You feel sick.
You are no longer poisoned.
Found a runed trident.
An ogre comes into view. It is wielding a +0 giant club.
You see here a scroll labelled BOK KYNLAEZ.
p - 2 scrolls labelled BOK KYNLAEZ (gained 1)
The dart slug launches a dart at you. The slug dart misses you.
You barely miss the ogre.
You headbutt the ogre, but do no damage.
The ogre hits you with a +0 giant club!!
Ouch! That really hurt!
Okay, then.
You puncture the ogre! You headbutt the ogre!
The ogre is severely wounded.
Your hearing returns.
The ogre barely misses you.
You hit the ogre.
The ogre is poisoned.
The ogre is almost dead.
The ogre hits you with a +0 giant club!
* * * LOW HITPOINT WARNING * * *
You see here 15 gold pieces.
An ogre is nearby!
Found a fizzy emerald potion.
You see here 15 gold pieces.
The ogre hits you with a +0 giant club!
You die...

.. ####.. #.... ...#..
####..... ......
.........
......###..#......
................. #.
......#.#.#...... .####.
....)...O.............#.
......#@#.#.........#.#.
!............#.##...#...
###...#.#.#..#+#..... ..
###.............#.###.
####).........#.#...
.......[......##.#.#.
.........#.†...#.#.#<
..............#.#...#.
....≈≈≈≈≈≈≈.≈.......#.


You could see an ogre (poisoned).

Vanquished Creatures
  7 adders
  6 worms (D:2)
  4 dart slugs
  8 ball pythons
  A bat (D:1)
  3 endoplasms
  4 giant cockroaches
  A goblin (D:1)
  8 hobgoblins
  9 jackals
  4 quokkas
  4 frilled lizards (D:2)
  5 kobolds
  6 rats
70 creatures vanquished.

Vanquished Creatures (others)
  9 plants (D:2)
9 creatures vanquished.

Grand Total: 79 creatures vanquished

Notes
Turn   | Place    | Note
-------+----------+-------------------------------------------
     0 | D:1      | Nixze the Minotaur Berserker began the quest for the Orb.
     0 | D:1      | Reached XP level 1. HP: 19/19 MP: 0/0
    70 | D:1      | Reached skill level 4 in Axes
    76 | D:1      | Reached XP level 2. HP: 21/26 MP: 1/1
   437 | D:1      | Reached skill level 5 in Axes
   840 | D:1      | Reached XP level 3. HP: 30/31 MP: 2/2
  1135 | D:2      | Found a faded altar of an unknown god.
  1556 | D:2      | Reached ** piety under Trog
  1806 | D:2      | Reached skill level 6 in Axes
  1806 | D:2      | Reached XP level 4. HP: 33/39 MP: 3/3
  2442 | D:3      | Reached XP level 5. HP: 45/45 MP: 4/4
  2454 | D:3      | Reached skill level 7 in Axes
  2694 | D:3      | Found a snail-covered altar of Cheibriados.
  3049 | D:4      | Found a glowing golden altar of the Shining One.
  3060 | D:4      | Noticed an ogre
  3075 | D:4      | Mangled by an ogre

Illustrated notes

Levels and vault maps discovered:
D:1:      scummos_arrival_gate, layout_rooms, minivault_5, minmay_hedge_maze
D:2:      minmay_thinvault, layout_rooms, ebering_ecumenical_altar_sacrificial,
          chequers_serial_rivers_large_a, minmay_misc_feat_ornament,
          minmay_lizard_king
D:3:      layout_basic, mainiacjoe_overflow_catwalk, nrook_loot_triangle
D:4:      layout_basic, mainiacjoe_overflow_concentric_impassable,
          gup_sewer_entry_spiral, serial_glass, glass_columns_b,
          glass_columns_a, minmay_box_of_dots

Skill      XL: |  1  2  3  4  5 |
---------------+----------------+-----
Axes           | 4 5 6 7 |  7.2
Fighting       | |  3.6
Armour         | |  2.4
Dodging        | |  2.1

Action                   |  1- 3 |  4- 6 || total
-------------------------+-------+-------++-------
Melee: Hand axe          |    29 |       ||    29
       Headbutt          |    14 |    13 ||    27
       Dagger            |    44 |    60 ||   104
  Use: Scroll            |       |     3 ||     3
 Stab: Sleeping          |       |     2 ||     2
Armor: Animal skin       |     8 |     3 ||    11
       Leather armour    |       |     6 ||     6
       Ring mail         |       |     3 ||     3
Dodge: Dodged            |    28 |    42 ||    70
